 Dungeon Crawl Stone Soup version 0.27-a0-492-ga4bb394fd4 (webtiles) character file.

Game seed: 7870443768631235407

425 Gaff the Sneak (level 7, -1/38 (41) HPs)
             Began as a Kobold Brigand on Mar 2, 2021.
             Was a Believer of Uskayaw.
             Killed from afar by an orc wizard (10 damage)
             ... with a magic dart
             ... on level 5 of the Dungeon.
             The game lasted 00:17:12 (5840 turns).

Gaff the Sneak (Kobold Brigand)                     Turns: 5840, Time: 00:17:12

HP:   -1/38 (41)    AC:  7    Str:  8    XL:     7   Next: 18%
MP:   1/7           EV: 15    Int: 16    God:    Uskayaw [**....]
Gold: 314           SH:  5    Dex: 18    Spells: 6/6 levels left

rFire    . . .     SeeInvis +   a - +2 dagger
rCold    . . .     Faith    .   H - +0 buckler
rNeg     . . .     Spirit   .   k - +0 leather armour
rPois    .         Reflect  .   l - +2 helmet {Int+3}
rElec    .         Harm     .   c - +0 cloak
rCorr    .         Rampage  .   (no gloves)
Will     .....                  (no boots)
Stlth    ++++......             q - amulet of the acrobat
HPRegen  0.12/turn              x - ring of see invisible
MPRegen  0.10/turn              (no ring)

@: drained
A: small, nightstalker 3
a: Renounce Religion, Stomp, Line Pass


You were on level 5 of the Dungeon.
You worshipped Uskayaw.
Uskayaw was noncommittal.
You visited 2 branches of the dungeon, and saw 6 of its levels.

You collected 314 gold pieces.

Inventory:

Hand Weapons
 a - a +2 dagger (weapon)
 f - a +0 short sword
 g - a +0 dagger of holy wrath
 w - a +1 hunting sling of flaming
 y - a +1 dagger of draining
Missiles
 d - 27 poisoned darts (quivered)
 e - 2 curare-tipped darts
 E - 3 boomerangs
Armour
 b - a +0 robe
 c - a +0 cloak (worn)
 k - a +0 leather armour (worn)
 l - a +2 helmet of intelligence (worn)
 t - a +0 leather armour
 H - a +0 buckler (worn)
Jewellery
 q - an amulet of the acrobat (around neck)
 x - a ring of see invisible (left hand)
Scrolls
 i - a scroll of magic mapping {unknown}
 j - a scroll of noise {unknown}
 o - a scroll of immolation {unknown}
 r - 3 scrolls of teleportation
 v - a scroll of enchant armour
 A - 2 scrolls of fear
 B - 2 scrolls of amnesia
 G - a scroll of acquirement {unknown}
Potions
 h - a potion of mutation {unknown}
 m - a potion of heal wounds {unknown}
 n - a potion of degeneration {unknown}
 p - 3 potions of curing {unknown}
 s - a potion of haste
 u - a potion of cancellation
 z - a potion of resistance
 C - a potion of ambrosia {unknown}
 D - a potion of magic {unknown}
 F - a potion of attraction {unknown}
 I - a potion of might {unknown}


   Skills:
 + Level 3.0 Fighting
 + Level 5.2 Short Blades
 + Level 2.3 Throwing
 + Level 2.2 Armour
 * Level 4.1 Dodging
 - Level 7.0 Stealth


You had 6 spell levels left.
You didn't know any spells.
Your spell library was empty.

Dungeon Overview and Level Annotations

Branches:
Dungeon (5/15)             Temple (1/1) D:4

Altars:
Ashenzari
Cheibriados
Dithmenos
Elyvilon
Fedhas
Gozag
Hepliaklqana
Kikubaaqudgha
Makhleb
Nemelex Xobeh
Okawaru
Qazlal
Ru
Sif Muna
Trog
Uskayaw
Vehumet
Wu Jian
Xom
Yredelemnul
Zin

Shops:
D:4 !


Innate Abilities, Weirdness & Mutations

You are small and have problems with some larger weapons.
You are completely attuned to the shadows.


Message History

The orc wizard is lightly wounded.
The orc wizard barely misses you.
You hit the orc wizard but do no damage.
The orc wizard is lightly wounded.
The orc wizard closely misses you.
You hit the orc wizard but do no damage.
The orc wizard is lightly wounded.
The orc wizard hits you with a +0 dagger.
You closely miss the orc wizard.
The orc wizard is lightly wounded.
The orc wizard misses you.
You stomp with the beat, sending a shockwave through the revellers around you!
The orc wizard is heavily wounded.
The orc wizard casts a spell at you. The puff of flame hits you!
You hit the orc wizard but do no damage.
The orc wizard is heavily wounded.
You barely miss the orc wizard.
The orc wizard is heavily wounded.
The orc wizard looks more healthy.
The orc wizard points at you and mumbles some strange words.
The puff of flame hits you!
* * * LOW HITPOINT WARNING * * *
You stomp with the beat, sending a shockwave through the revellers around you!
The orc wizard is almost dead.
The orc wizard barely misses you.
You don't have enough magic at the moment.
The orc wizard gestures at you while chanting.
You resist with some effort.
You are no longer corroded.
The orc wizard closely misses you.
You closely miss the orc wizard.
The orc wizard is almost dead.
The orc wizard casts a spell at you. You resist with some effort.
You closely miss the orc wizard.
The orc wizard is almost dead.
The orc wizard casts a spell at you. The magic dart hits you!
You die...

#....########
###..>......#
. #.#######.#
.c #)#
#.####... #.#
#........ #.#
#.####/Y. #.#
#.####### #.#
#......# #
#.# #.####@#
###.# ##.#
#o#
....#####.#.#
#(#
............
#.#
###.###.....
#(#
#.........
...
#####..>..
##...# #.##


You could see an orc wizard.

Vanquished Creatures
  A kobold brigand (D:5)
  A centaur zombie (D:5)
  A hound (D:5)
  A jelly (D:5)
  2 orc priests (D:5)
  9 adders
  A shadow imp (D:4)
  2 oozes (D:3)
  3 worms
  A dart slug (D:1)
  5 orcs
  3 giant cockroaches
  7 goblins
  9 hobgoblins
  11 jackals
  16 kobolds
  2 quokkas
  A ball python (D:4)
  12 bats
  A frilled lizard (D:2)
  8 rats
97 creatures vanquished.

Notes
Turn   | Place    | Note
-------+----------+-------------------------------------------
     0 | D:1      | Gaff the Kobold Brigand began the quest for the Orb.
     0 | D:1      | Reached XP level 1. HP: 12/12 MP: 1/1
   212 | D:1      | Reached XP level 2. HP: 17/17 MP: 2/2
   520 | D:1      | Reached skill level 6 in Stealth
   803 | D:1      | Reached XP level 3. HP: 19/21 MP: 3/3
  1644 | D:2      | Reached XP level 4. HP: 27/27 MP: 4/4
  2200 | D:2      | Found a stormy altar of Qazlal.
  2202 | D:2      | Reached skill level 7 in Stealth
  2343 | D:3      | Reached XP level 5. HP: 31/31 MP: 5/5
  2558 | D:3      | Reached skill level 1 in Armour
  3117 | D:4      | Noticed a phantom
  3117 | D:4      | Noticed an ogre
  3597 | D:4      | Found Oqoog's Distillery.
  3823 | D:5      | Entered Level 5 of the Dungeon
  4296 | D:4      | Noticed an ogre
  4304 | D:4      | Noticed a phantom
  4356 | D:4      | Found a staircase to the Ecumenical Temple.
  4375 | D:4      | Reached XP level 6. HP: 36/36 MP: 6/6
  4378 | Temple   | Entered the Ecumenical Temple
  4750 | Temple   | Became a worshipper of Uskayaw the Reveller
  5122 | D:5      | Reached * piety under Uskayaw
  5138 | D:5      | Reached ** piety under Uskayaw
  5725 | D:5      | Reached skill level 5 in Short Blades
  5725 | D:5      | Reached XP level 7. HP: 32/34 MP: 7/7
  5821 | D:5      | Reached *** piety under Uskayaw
  5840 | D:5      | Killed from afar by an orc wizard

Illustrated notes

Levels and vault maps discovered:
D:1:      shiori_arrival_oz, layout_basic, minmay_misc_feat_roman, minivault_27,
          minivault_5, palyth_stone_intersect, chequers_big_river
D:2:      layout_rooms, nicolae_qazlal_general_emergency
D:3:      layout_loops_ring
D:4:      cheibrodos_barr_body, layout_cave_pods,
          minmay_temple_entry_large_hall, serial_shops, shop,
          minmay_misc_feat_alley, tgw_trog
D:5:      cheibrodos_thug_alley, layout_loops_ring
Temple:   nicolae_temple_the_god_donut

Skill      XL: |  1  2  3  4  5  6  7 |
---------------+----------------------+-----
Short Blades   | 3 4 5 |  5.2
Stealth        | 6 7 |  7.0
Dodging        | 2 3 4 |  4.1
Armour         | 1 2 |  2.2
Fighting       | 3 |  3.0
Throwing       | |  2.3

Action                   |  1- 3 |  4- 6 |  7- 9 || total
-------------------------+-------+-------+-------++-------
Melee: Dagger            |    60 |   312 |    26 ||   398
       Short sword       |       |    13 |       ||    13
Throw: Dart              |       |     6 |     3 ||     9
Invok: Stomp             |       |       |     2 ||     2
  Use: Scroll            |       |     7 |       ||     7
 Stab: Sleeping          |    22 |    25 |     1 ||    48
       Distracted        |       |     2 |       ||     2
       Paralysed         |       |       |     1 ||     1
Armor: Robe              |     1 |       |       ||     1
       Leather armour    |    10 |    51 |     1 ||    62
Dodge: Dodged            |    21 |   183 |    11 ||   215
Block: Buckler           |       |     1 |     4 ||     5

Table legend: (Time is in decaauts)
 A = Elapsed time spent in this place.
 B = Non-inter-level travel time spent in this place.
 C = Inter-level travel time spent in this place.
 D = Time resting spent in this place.
 E = Time spent auto-exploring this place.
 F = Levels seen in this place.
 G = Mean time per level.
                   A        B        C        D        E       F      G
               +--------+--------+--------+--------+--------+-----+--------+
         Total |   5771 |   5598 |    173 |   1028 |   3087 |   6 |  961.8 |
       Dungeon |   5377 |   5224 |    153 |   1028 |   2776 |   5 | 1075.4 |
        Temple |    393 |    373 |     20 |      0 |    311 |   1 |  393.0 |
               +--------+--------+--------+--------+--------+-----+--------+

Top non-repeatable levels by time:
     D:1: 1572 daAuts
     D:5: 1176 daAuts
     D:3: 1150 daAuts
     D:2: 780 daAuts
     D:4: 697 daAuts
  Temple: 393 daAuts
